 Dungeon Crawl Stone Soup version 0.22-a0-136-g83a10e5 (webtiles) character file.

792 mhoghedin the Chiller (level 7, -2/57 HPs)
             Began as a Green Draconian Ice Elementalist on Feb 4, 2018.
             Was an Initiate of Ashenzari.
             Killed from afar by an orc wizard (7 damage)
             ... with a magic dart
             ... on level 5 of the Dungeon.
             The game lasted 00:14:21 (5178 turns).

mhoghedin the Chiller (DrIE)                        Turns: 5178, Time: 00:14:22

Health: -2/57      AC:  6    Str: 12 (15) XL:     7   Next: 57%
Magic:  10/10      EV: 13    Int: 15 (17) God:    Ashenzari [......]
Gold:   101        SH:  0    Dex: 13 (15) Spells: 2/10 levels left

rFire    . . .     SeeInvis .   a - +2 whip (elec) (curse)
rCold    . . .     Gourm    .   f - +0 buckler
rNeg     . . .     Faith    .   (armour unavailable)
rPois    +         Spirit   .   (helmet restricted)
rElec    .         Reflect  .   (no cloak)
rCorr    .         Harm     .   (no gloves)
MR       .....                  (no boots)
Stlth    +.........             (no amulet)
HPRegen  0.19/turn              h - +3 ring of dexterity
MPRegen  0.12/turn              (no ring)

@: confused, mighty, flying, drained
A: breathe noxious fumes, unfitting armour, blink, poison resistance,
cold-blooded, AC +6
a: Breathe Noxious Fumes, Blink, Curse Item, Renounce Religion


You were on level 5 of the Dungeon.
You worshipped Ashenzari.
Ashenzari was noncommittal.
You were hungry.

You visited 1 branch of the dungeon, and saw 5 of its levels.

You collected 101 gold pieces.

Inventory:

Hand Weapons
 a - a cursed +2 whip of electrocution (weapon)
   (You took it off a gnoll on level 4 of the Dungeon)
Armour
 f - a +0 buckler (worn)
   (You took it off a kobold on level 3 of the Dungeon)
Jewellery
 h - a +3 ring of dexterity (left hand)
   (You took it off a kobold on level 2 of the Dungeon)
Wands
 d - a wand of random effects (32)
   (You found it on level 4 of the Dungeon)
Scrolls
 g - a scroll of noise {!r}
 i - a scroll of magic mapping {!r}
 j - a scroll of remove curse
 k - 3 scrolls of enchant armour
 l - a scroll of fear
 r - 2 scrolls of identify
Potions
 e - a potion of mutation {!q}
 o - a potion of resistance
Books
 q - a book of Frost
Comestibles
 b - 6 rations


   Skills:
 + Level 3.5(3.3) Fighting
 + Level 1.9(1.7) Maces & Flails
 + Level 3.6(3.4) Dodging
 - Level 1.7(1.5) Stealth
 + Level 2.1(1.9) Shields
 - Level 2.0(1.7) Spellcasting
 - Level 1.0(0.8) Conjurations
 - Level 6.6(6.4) Ice Magic


You had 2 spell levels left.
You knew the following spells:

 Your Spells              Type           Power        Failure   Level  Hunger
a - Freeze                Ice            ###.         1%          1    ##.....
x - Throw Icicle          Conj/Ice       ##......     54%         4    #####..
A - Ozocubu's Armour      Chrm/Ice       ##......     22%         3    ####...


Dungeon Overview and Level Annotations

Branches:
Dungeon (5/15)
 Temple: D:4-7

Altars:
Ashenzari
Fedhas
Nemelex Xobeh
Trog
Uskayaw
Xom
The Shining One

Annotations:
D:2 2 transporters
D:5 Dowan


Innate Abilities, Weirdness & Mutations

You can breathe blasts of noxious fumes.
Your lurid green scales are hard. (AC +6)
You cannot fit into any form of body armour.
Your system is resistant to poisons. (rPois)
You are cold-blooded and may be slowed by cold attacks.
You can translocate small distances at will.


Message History

You kill the crimson imp!
You feel sick.
You are too injured to fight recklessly!
You are too injured to fight recklessly!
You feel sick.
Dowan says, "I'm a little confused."
You take 1 damage, and have 26/57 hp.
You are too injured to fight recklessly!
You feel sick.
You take 1 damage, and have 25/57 hp.
You are too injured to fight recklessly!
You are too injured to fight recklessly!
You are too injured to fight recklessly!
You are too injured to fight recklessly!
You are too injured to fight recklessly!
You are too injured to fight recklessly!
You are too injured to fight recklessly!
You are too injured to fight recklessly!
You are too injured to fight recklessly!
You feel sick.
You take 1 damage, and have 25/57 hp.
You hit Dowan. You tail-slap Dowan, but do no damage.
Dowan hits you but does no damage.
You feel drained.
Aim: Dowan, wielding a dagger of draining and wearing a glowing robe (lightly wounded, fast, confused)
You freeze Dowan.
You feel sick.
You take 1 damage, and have 24/57 hp.
You now have 9/10 mp.
Okay, then.
Unknown command.
The teleport trap disappears.
Dowan disappears!
You feel sick.
You take 1 damage, and have 24/57 hp.
You hear the slow rusting of a very distant drain.
You feel sick.
You take 1 damage, and have 24/57 hp.
MP restored: 10 You have got your breath back.
Things that are here:
a +3 short sword of venom an uncursed leather armour of cold resistance a potion of heal wounds You feel sick.
You are no longer poisoned.
There is an escape hatch in the floor here.
There is a stone staircase leading up here.
There are no items here.
Unknown command.
An orc comes into view. It is wielding a hand axe.
Found a +0 dagger.
Found a hide-covered altar of Uskayaw.
An orc wizard comes into view. It is wielding a dagger.
The orc shouts!
The orc throws a tomahawk.
The tomahawk barely misses you.
The orc throws a tomahawk.
The tomahawk hits you!
You see here a tomahawk.
You take 7 damage, and have 20/57 hp.
A scorpion comes into view.
You see here a tomahawk.
The orc wizard gestures at you while chanting.
You are confused.
Unknown command.
You bump into the rock wall.
The orc barely misses you.
The orc wizard points at you and mumbles some strange words.
The magic dart hits you!
The orc throws a tomahawk.
The tomahawk hits you!
* * * LOW HITPOINT WARNING * * *
You see here 2 tomahawks.
You take 7 damage, and have 14/57 hp.
Unknown command.
It was a potion of flight.
You feel very buoyant.
You fly up into the air.
The orc wizard points at you and mumbles some strange words.
You are more confused.
It was a potion of degeneration.
There was something very wrong with that liquid.
You feel weakened.
You feel dopey.
You feel clumsy. The orc hits you but does no damage.
An orc wizard comes into view. It is wielding a dagger.
Unknown command.
The orc wizard gestures at you while chanting.
The puff of flame hits you!
* * * LOW HITPOINT WARNING * * *
You take 4 damage, and have 10/57 hp.
Unknown command.
You feel very mighty all of a sudden. The orc misses you.
Unknown command.
You bump into the rock wall.
The orc wizard barely misses you. The orc hits you with a hand axe.
* * * LOW HITPOINT WARNING * * *
You take 5 damage, and have 5/57 hp.
Unknown command.
You're too confused!
You bump into the rock wall.
The orc wizard closely misses you. The orc closely misses you.
You completely miss the orc wizard.
The orc wizard gestures at you while chanting.
The magic dart hits you!
You die...

#.##....$....
#.##..8......
#.##.........
#.##..8......
#.##.....%)!.
#.....8..._o.
####s..[.###.
#oo##.(....
#@.# #.####
#.## .# ....
. #(.... #
......##
.####.## .
###


You could see a scorpion, an orc wizard and an orc.

Vanquished Creatures
  Sigmund (D:2)
  Duvessa (D:5)
  The ghost of varam the Chopper, an amateur HOFi of Okawaru (D:3)
  2 scorpions (D:4)
  2 crimson imps
  2 orc priests
  Jessica (D:3)
  An orc wizard (D:4)
  A worker ant (D:4)
  A hound zombie (D:4)
  3 gnolls (D:4)
  3 adders
  2 worms
  5 leopard geckos
  7 orcs
  2 giant cockroaches
  6 goblins
  12 hobgoblins
  3 jackals (D:1)
  9 kobolds
  2 quokkas (D:3)
  A ball python (D:2)
  7 bats
  4 frilled lizards
  A leopard gecko skeleton (D:4)
  8 rats
88 creatures vanquished.

Notes
Turn   | Place    | Note
-------+----------+-------------------------------------------
     0 | D:1      | mhoghedin the Draconian Ice Elementalist began the quest for the Orb.
     0 | D:1      | Reached XP level 1. HP: 14/14 MP: 3/3
   118 | D:1      | Reached XP level 2. HP: 11/20 MP: 0/5
   695 | D:1      | Reached skill level 4 in Ice Magic
  1182 | D:2      | Reached XP level 3. HP: 12/26 MP: 0/6
  1427 | D:2      | Found a glowing golden altar of the Shining One.
  1433 | D:2      | Found a bloodstained altar of Trog.
  1438 | D:2      | Reached XP level 4. HP: 30/33 MP: 3/7
  1500 | D:2      | Reached skill level 5 in Ice Magic
  1576 | D:2      | Learned a level 3 spell: Ozocubu's Armour
  1594 | D:2      | Noticed Sigmund
  1595 | D:2      | Gained mutation: Your spells are a little easier to cast, but a little less powerful. [potion of mutation]
  1595 | D:2      | Gained mutation: You can translocate small distances at will. [potion of mutation]
  1595 | D:2      | Lost mutation: Your spells are a little easier to cast, but a little less powerful. [potion of mutation]
  1617 | D:2      | HP: 8/33 [something (7)]
  1624 | D:2      | Killed Sigmund
  1624 | D:2      | Reached skill level 6 in Ice Magic
  1624 | D:2      | Reached XP level 5. HP: 7/38 MP: 5/8
  2115 | D:2      | Found a transporter.
  2120 | D:2      | Found a transporter.
  2276 | D:2      | Found a faded altar of an unknown god.
  2320 | D:2      | Found a sparkling altar of Nemelex Xobeh.
  2321 | D:2      | Found a shimmering altar of Xom.
  2322 | D:2      | Found a bloodstained altar of Trog.
  2594 | D:3      | Noticed varam's ghost (amateur HOFi)
  2609 | D:3      | Noticed Jessica
  2616 | D:3      | Killed Jessica
  2616 | D:3      | Reached skill level 2 in Dodging
  2616 | D:3      | Reached XP level 6. HP: 28/46 MP: 3/9
  2788 | D:3      | Killed varam's ghost
  2788 | D:3      | Reached skill level 2 in Fighting
  2957 | D:3      | Found a shattered altar of Ashenzari.
  3666 | D:3      | Learned a level 4 spell: Throw Icicle
  3714 | D:3      | Became a worshipper of Ashenzari the Shackled
  3799 | D:4      | Reached skill level 3 in Dodging
  4051 | D:4      | Reached skill level 1 in Shields
  4051 | D:4      | Your scales start taking on a lurid green colour.
  4051 | D:4      | Reached XP level 7. HP: 29/56 MP: 7/10
  4051 | D:4      | Gained mutation: Your system is resistant to poisons. (rPois) [Green Draconian growth]
  4066 | D:4      | HP: 14/56 [poisoned by a scorpion]
  4072 | D:4      | HP: 12/56 [poisoned by a scorpion]
  4078 | D:4      | HP: 11/56 [poisoned by a scorpion]
  4086 | D:4      | HP: 10/56 [poisoned by a scorpion]
  4368 | D:4      | Reached skill level 3 in Fighting
  4373 | D:4      | Reached skill level 1 in Maces & Flails
  4387 | D:4      | HP: 14/57 [poisoned by an orc priest]
  4395 | D:4      | HP: 14/57 [poisoned by an orc priest]
  4817 | D:4      | Found a blossoming altar of Fedhas.
  4930 | D:4      | Noticed a vampire
  5089 | D:5      | Entered Level 5 of the Dungeon
  5099 | D:5      | Noticed Duvessa
  5110 | D:5      | Noticed Dowan
  5114 | D:5      | Killed Duvessa
  5114 | D:5      | Reached skill level 2 in Shields
  5159 | D:5      | Found a hide-covered altar of Uskayaw.
  5171 | D:5      | HP: 14/57 [orc/tomahawk (7)]
  5176 | D:5      | HP: 5/57 [orc/hand axe (6)]
  5178 | D:5      | Killed from afar by an orc wizard

Vault maps used:
D:1:      shiori_shiawase, hangedman_decor_riveting, st_stairs_7
D:2:      nicolae_overflow_crystal_walls, gammafunk_temple_overflow_arena,
          first_ration, chequers_ecumenical_altar_grove, st_stairs_6,
          trog_butcher_becter, uniq_sigmund
D:3:      ashenzari_conservatory_becter, uniq_jessica
D:4:      kennysheep_the_goblin_king, minmay_temple_entry_nine_rooms,
          fedhas_altar_fruit_tree
D:5:      eat_drink_and_be_merry_uskayaw, portal_sewer_entry_b,
          serial_bayou_pond_a, uniq_eustachio, uniq_duvessa

Skill      XL: |  1  2  3  4  5  6  7 |
---------------+----------------------+-----
Ice Magic      | 4 6 |  6.6
Dodging        | 2 3 |  3.6
Fighting       | 2 3 |  3.5
Shields        | 1 2 |  2.1
Maces & Flails | 1 |  1.9
Stealth        | |  1.7
Spellcasting   | |  2.0
Conjurations   | |  1.0

Action                   |  1- 3 |  4- 6 |  7- 9 || total
-------------------------+-------+-------+-------++-------
Melee: Club              |    67 |   115 |       ||   182
       Tailslap          |     3 |     6 |     6 ||    15
       Whip              |       |     4 |    44 ||    48
       Mace              |       |     1 |       ||     1
 Cast: Freeze            |    30 |    58 |     2 ||    90
       Ozocubu's Armour  |       |     1 |       ||     1
Invok: Curse Item        |       |     1 |       ||     1
 Abil: Breathe Noxious F |       |       |     4 ||     4
  Use: Scroll            |     1 |     8 |     1 ||    10
       Potion            |       |     6 |     4 ||    10
 Stab: Sleeping          |     2 |     1 |     1 ||     4
  Eat: Chunk             |     2 |     3 |       ||     5
       Ration            |       |     2 |     1 ||     3
Armor: Skin              |    42 |    71 |     7 ||   120
Dodge: Dodged            |    91 |   124 |    26 ||   241
Block: Buckler           |       |     5 |     7 ||    12

Table legend:
 A = Spawn XP
 B = Non-spawn XP
 C = Spawn XP percentage of total XP
 D = Spawn monster count
 E = Non-spawn monster count
 F = Spawn count percentage of total count
 G = Total turns spent on level
                    A         B        C        D         E        F      G
               +---------+---------+-------+---------+---------+-------+---------
         Total |       0 |    1132 |   0.0 |       0 |      88 |   0.0 |  5178
               +---------+---------+-------+---------+---------+-------+---------
           D:1 |       0 |      35 |   0.0 |       0 |      19 |   0.0 |  1105
           D:2 |       0 |     316 |   0.0 |       0 |      23 |   0.0 |  1355
           D:3 |       0 |     253 |   0.0 |       0 |      29 |   0.0 |  1284
           D:4 |       0 |     341 |   0.0 |       0 |      15 |   0.0 |  1345
           D:5 |       0 |     187 |   0.0 |       0 |       2 |   0.0 |    89
               +---------+---------+-------+---------+---------+-------+---------

Vault maps used:
D:1:      shiori_shiawase, hangedman_decor_riveting, st_stairs_7
D:2:      nicolae_overflow_crystal_walls, gammafunk_temple_overflow_arena,
          first_ration, chequers_ecumenical_altar_grove, st_stairs_6,
          trog_butcher_becter, uniq_sigmund
D:3:      ashenzari_conservatory_becter, uniq_jessica
D:4:      kennysheep_the_goblin_king, minmay_temple_entry_nine_rooms,
          fedhas_altar_fruit_tree
D:5:      eat_drink_and_be_merry_uskayaw, portal_sewer_entry_b,
          serial_bayou_pond_a, uniq_eustachio, uniq_duvessa

Table legend:
 A = Turns spent in this place as a percentage of turns spent in the entire game.
 B = Non-inter-level travel turns spent in this place as a percentage of non-inter-level travel turns spent in the entire game.
 C = Inter-level travel turns spent in this place as a percentage of turns spent in this place.
 D = Turns resting spent in this place as a percentage of non-inter-level travel turns spent in this place.
 E = Turns spent auto-exploring this place as a percentage of non-inter-level travel turns spent in this place.
 F = Non-inter-level travel turns spent in this place divided by the number of levels of this place that you've seen.
                   A       B       C       D       E      F
               +-------+-------+-------+-------+-------+----------------------
         Total | 100.0 | 100.0 |   2.6 |  41.8 |  36.5 | 1008.2
       Dungeon | 100.0 | 100.0 |   2.6 |  41.8 |  36.5 | 1008.2
               +-------+-------+-------+-------+-------+----------------------

Table legend:
 A = Kills in this place as a percentage of kills in entire the game.
 B = Kills by you in this place as a percentage of kills by you in the entire game.
 C = Kills by friends in this place as a percentage of kills by friends in the entire game.
 D = Other kills in this place as a percentage of other kills in the entire game.
 E = Experience gained in this place as a percentage of experience gained in the entire game.
 F = Experience gained in this place divided by the number of levels of this place that you have seen.
                   A       B       C       D       E      F
               +-------+-------+-------+-------+-------+----------------------
         Total | 100.0 | 100.0 |   N/A |   N/A | 100.0 | 226.4
       Dungeon | 100.0 | 100.0 |   N/A |   N/A | 100.0 | 226.4
               +-------+-------+-------+-------+-------+----------------------
